 Dungeon Crawl Stone Soup version 0.21.0-37-g46506fa (webtiles) character file.

53 Monsterracer the Sneak (level 3, -1/16 HPs)
             Began as a Spriggan Enchanter on Jan 31, 2018.
             Was an Initiate of Vehumet.
             Slain by Terence
             ... wielding a +0 hand axe
              (9 damage)
             ... on level 2 of the Dungeon.
             The game lasted 00:05:21 (1590 turns).

Monsterracer the Sneak (Spriggan Enchanter)         Turns: 1590, Time: 00:05:22

Health: -1/16      AC:  2    Str:  4    XL:     3   Next: 64%
Magic:  2/9        EV: 18    Int: 17    God:    Vehumet [......]
Gold:   42         SH:  0    Dex: 16    Spells: 3/9 levels left

rFire    . . .     SeeInvis +   a - +2 dagger
rCold    . . .     Gourm    .   (shield restricted)
rNeg     . . .     Faith    .   g - +0 robe
rPois    .         Spirit   .   (helmet restricted)
rElec    .         Reflect  .   (no cloak)
rCorr    .         Harm     .   (gloves unavailable)
MR       .....                  (boots unavailable)
Stlth    +++.......             i - amulet of rage
HPRegen  0.05/turn              (no ring)
MPRegen  0.11/turn              (no ring)

@: very slightly contaminated, very quick
A: very small, unfitting armour, see invisible, herbivore, speed 3, slow
metabolism 2
a: Renounce Religion, Evoke Berserk Rage


You were on level 2 of the Dungeon.
You worshipped Vehumet.
Vehumet was noncommittal.
You were not hungry.

You visited 1 branch of the dungeon, and saw 2 of its levels.

You collected 42 gold pieces.

Inventory:

Hand Weapons
 a - a +2 dagger (weapon)
 b - a +0 long sword
Armour
 g - a +0 robe (worn)
Jewellery
 i - an amulet of rage (around neck)
Scrolls
 h - a scroll of remove curse
Potions
 e - a potion of mutation {!q}
 f - a potion of resistance
Books
 d - a book of Maledictions

   Spells                             Type                      Level
   a - Corona                         Hexes                        1
   b - Ensorcelled Hibernation        Hexes/Ice                    2
   c - Confuse                        Hexes                        3
   d - Tukima's Dance                 Hexes                        3
   e - Dazzling Spray                 Conjuration/Hexes            3
Comestibles
 c - 3 rations


   Skills:
 + Level 2.1 Short Blades
 - Level 3.0 Dodging
 + Level 5.2 Stealth
 * Level 3.6 Spellcasting
 + Level 4.0 Hexes


You had 3 spell levels left.
You knew the following spells:

 Your Spells              Type           Power        Failure   Level  Hunger
a - Corona                Hex            ###....      3%          1    None
b - Ensorcelled Hibernat  Hex/Ice        #.....       11%         2    ##.....
c - Confuse               Hex            ###.....     10%         3    ###....


Dungeon Overview and Level Annotations

Branches:
Dungeon (2/15)

Altars:
Vehumet
The Shining One

Annotations:
D:2 Terence


Innate Abilities, Weirdness & Mutations

You are very small and have problems with some larger weapons.
You are too small for most types of armour.
You have supernaturally acute eyesight. (SInv)
You are a herbivore.
You cover ground extremely quickly.
You need consume almost no food.


Message History

Aim: a jackal (severely wounded, chance to defeat MR: 71%)
The jackal is outlined in light.
The jackal closely misses you. x2
You now have 7/9 mp.
You hit the jackal.
The jackal is almost dead.
The jackal closely misses you.
You hit the jackal.
You kill the jackal!
Vehumet accepts your kill.
The jackal bites you but does no damage.
You closely miss the jackal.
The jackal is severely wounded.
The jackal misses you.
You hit the jackal but do no damage.
The jackal is severely wounded.
The jackal bites you.
You take 3 damage, and have 10/16 hp.
You hit the jackal but do no damage.
The jackal is heavily wounded.
The jackal bites you. x2
* * * LOW HITPOINT WARNING * * *
You take 2 damage, and have 8/16 hp.
You closely miss the jackal.
The jackal is heavily wounded.
The jackal closely misses you.
You closely miss the jackal.
The jackal is heavily wounded.
The jackal closely misses you.
Unknown command.
You barely miss the jackal.
The jackal is heavily wounded.
The jackal closely misses you. x2
You hit the jackal.
You kill the jackal!
Vehumet accepts your kill.
You see here a jackal corpse.
Magic restored.
MP restored: 9
Found 7 tomahawks.
You see here 7 tomahawks.
Found a glowing golden altar of the Shining One.
Found a large lapis lazuli amulet.
i - a large lapis lazuli amulet Put on which piece of jewellery? (? for menu, Esc to quit)
i - an amulet of rage (around neck)
A giant cockroach and a kobold come into view.
Found a stone staircase leading up.
There are monsters nearby!
A leopard gecko comes into view.
The giant cockroach bites you.
You take 2 damage, and have 9/16 hp.
Terence the Incautious comes into view.
He is wielding a hand axe.
Terence shouts!
Casting: Corona
Confirm with . or Enter, or press ? or * to list all spells.
Aiming: Corona
Press: ? - help, Shift-Dir - straight line, f - giant cockroach
Aim: a giant cockroach (clinging, chance to defeat MR: 71%)
The giant cockroach is outlined in light.
You now have 8/9 mp.
You closely miss the giant cockroach. The giant cockroach misses you.
Casting: Corona
Confirm with . or Enter, or press ? or * to list all spells.
Aiming: Ensorcelled Hibernation
Press: ? - help, Shift-Dir - straight line, f/p - giant cockroach
Aim: a giant cockroach (softly glowing, clinging, chance to defeat MR: 58%)
Okay, then.
You hit the giant cockroach.
The giant cockroach is moderately wounded.
The giant cockroach barely misses you.
Casting: Ensorcelled Hibernation
Confirm with . or Enter, or press ? or * to list all spells.
Aiming: Ensorcelled Hibernation
Press: ? - help, Shift-Dir - straight line, f - Terence, p - giant cockroach
Aim: Terence, wielding a hand axe and wearing a ring mail (chance to defeat MR: 50%) Terence resists with some effort.
The giant cockroach bites you.
You take 1 damage, and have 9/16 hp.
You now have 6/9 mp.
Casting: Ensorcelled Hibernation
Confirm with . or Enter, or press ? or * to list all spells.
Aiming: Ensorcelled Hibernation
Press: ? - help, Shift-Dir - straight line, f/p - Terence
Aim: Terence, wielding a hand axe and wearing a ring mail (chance to defeat MR: 50%)
You miscast Ensorcelled Hibernation.
You are very lightly contaminated with residual magic.
You hear a crackling sound.
The giant cockroach closely misses you. Terence barely misses you.
You now have 4/9 mp.
Casting: Ensorcelled Hibernation
Confirm with . or Enter, or press ? or * to list all spells.
Aiming: Ensorcelled Hibernation
Press: ? - help, Shift-Dir - straight line, f/p - Terence
Aim: Terence, wielding a hand axe and wearing a ring mail (chance to defeat MR: 50%) Terence resists with some effort.
The giant cockroach waves its antennae.
The giant cockroach bites you.
* * * LOW HITPOINT WARNING * * *
Terence screams, "I'm going to kill you!"
Terence hits you with a hand axe!
Ouch! That really hurt!
You die...

###.##.##.#
.#.........#
......#....#
...........#
#.........
#l......#
#<..K.#
#####.#..######
..........Ks@.#
#####.#..####@#
#.#..# .# #
#..# .# #..# .#
#..# .# #..# .#
#..# .# #..#


You could see Terence, a giant cockroach and a kobold.

Vanquished Creatures
  An adder (D:2)
  A worm (D:2)
  A dart slug (D:1)
  A leopard gecko (D:1)
  A ball python (D:1)
  4 giant cockroaches
  4 goblins
  6 hobgoblins
  2 jackals (D:2)
  A quokka (D:2)
  4 bats
  2 frilled lizards (D:1)
  4 kobolds
  2 rats
34 creatures vanquished.

Notes
Turn   | Place    | Note
-------+----------+-------------------------------------------
     0 | D:1      | Monsterracer the Spriggan Enchanter began the quest for the Orb.
     0 | D:1      | Reached XP level 1. HP: 9/9 MP: 5/5
    64 | D:1      | Reached XP level 2. HP: 10/13 MP: 6/6
   128 | D:1      | Learned a level 2 spell: Ensorcelled Hibernation
   191 | D:1      | HP: 5/13 [kobold (4)]
   222 | D:1      | You fall through a shaft!
   240 | D:2      | Found a radiant altar of Vehumet.
   247 | D:2      | Became a worshipper of Vehumet
   332 | D:2      | HP: 6/13 [rat (2)]
   660 | D:1      | Reached skill level 5 in Stealth
   981 | D:1      | Reached XP level 3. HP: 16/16 MP: 6/8
   986 | D:1      | Learned a level 3 spell: Confuse
  1458 | D:2      | HP: 8/16 [jackal (1)]
  1513 | D:2      | Found a glowing golden altar of the Shining One.
  1584 | D:2      | Noticed Terence
  1590 | D:2      | HP: 8/16 [giant cockroach (1)]
  1590 | D:2      | Slain by Terence

Skill      XL: |  1  2  3 |
---------------+----------+-----
Spellcasting   | 3 |  3.6
Stealth        | 5 |  5.2
Short Blades   | 2 |  2.1
Hexes          | 4 |  4.0
Dodging        | |  3.0

Action                   || total
-------------------------++-------
Melee: Dagger            ||    99
 Cast: Corona            ||     8
       Ensorcelled Hiber ||     5
  Use: Scroll            ||     5
 Stab: Sleeping          ||    19
Armor: Robe              ||     6
Dodge: Dodged            ||    61

Vault maps used:
D:1:      dpeg_arrival_oval
D:2:      vehumet_crystals, nicolae_tso_carved_into_rock, uniq_terence
